 Dungeon Crawl Stone Soup version 0.31-a0-876-gfe8ebadbca (webtiles) character file.

Game seed: 17928650127732462358

6017 Flugkiller the Frost Mage (level 9, -1/55 HPs)
             Began as a Deep Elf Fighter on Oct 13, 2023.
             Was a Believer of Ru.
             Succumbed to a kobold brigand's curare-tipped dart
             ... on level 8 of the Dungeon.
             The game lasted 00:15:08 (8162 turns).

Flugkiller the Frost Mage (Deep Elf Fighter)        Turns: 8162, Time: 00:15:08

Health: -1/55      AC:  8    Str: 13    XL:     9   Next: 56%
Magic:  12/14      EV: 14    Int: 20    God:    Ru [**....]
Gold:   233        SH:  5    Dex: 18    Spells: 9/12 levels left

rFire   + . .        a - +1 long sword
rCold   . . .        c - +0 buckler
rNeg    . . .        g - +0 ring mail
rPois   .            (no helmet)
rElec   .            I - +0 cloak
rCorr   .            B - +1 pair of gloves
SInv    .            (no boots)
Will    .....        (no amulet)
Stlth   +            p - ring of protection from fire
HPRegen 0.29/turn    N - +6 ring of intelligence
MPRegen 0.14/turn

%: no passive effects
@: lethally poisoned (-1 -> -13), freezing walls, attractive, slowed, very slow
A: unskilled 1, inexperienced 1
a: Renounce Religion


You were on level 8 of the Dungeon.
You worshipped Ru.
Ru was pleased with you.
You visited 2 branches of the dungeon, and saw 9 of its levels.

You collected 513 gold pieces.
You spent 280 gold pieces at shops.

Inventory:

Hand Weapons
 a - a +1 long sword (weapon)
 f - a +1 dagger of venom
   (You took it off a goblin on level 1 of the Dungeon)
Missiles
 y - 2 throwing nets
 F - 5 curare-tipped darts (quivered)
Armour
 b - a +0 scale mail
 c - a +0 buckler (worn)
 g - a +0 ring mail (worn)
   (You found it on level 1 of the Dungeon)
 B - a +1 pair of gloves (worn)
   (You found it on level 5 of the Dungeon)
 I - a +0 cloak (worn)
   (You found it on level 6 of the Dungeon)
Jewellery
 p - a ring of protection from fire (left hand)
   (You found it on level 2 of the Dungeon)
 N - a +6 ring of intelligence (right hand)
   (You found it on level 5 of the Dungeon)
Talismans
 n - a granite talisman
   (You found it on level 2 of the Dungeon)
Wands
 E - a wand of acid (1)
   (You took it off Joseph on level 7 of the Dungeon)
 K - a wand of polymorph (7)
   (You found it on level 7 of the Dungeon)
Scrolls
 i - a scroll of immolation
 j - a scroll of revelation {unknown}
 m - a scroll of enchant weapon
 r - a scroll of identify
 s - a scroll of vulnerability {unknown}
 v - a scroll of silence {unknown}
 x - 2 scrolls of enchant armour {unknown}
 z - a scroll of blinking
 A - a scroll of fog
 G - a scroll of fear {unknown}
 L - a scroll of butterflies {unknown}
Potions
 d - 3 potions of might
 e - a potion of invisibility
 h - 2 potions of haste
 k - a potion of resistance {unknown}
 l - a potion of brilliance
 o - a potion of lignification {unknown}
 u - a potion of enlightenment {unknown}
 C - a potion of attraction
 D - a potion of degeneration {unknown}
 H - a potion of mutation {unknown}
 J - a potion of ambrosia {unknown}
 M - a potion of magic {unknown}


   Skills:
 - Level 6.0 Fighting
 + Level 6.4 Long Blades
 - Level 2.1 Armour
 - Level 8.0 Dodging
 - Level 2.1 Shields
 - Level 2.0 Spellcasting
 - Level 8.0 Ice Magic
 - Level 5.0 Evocations


You had 9 spell levels left.
You knew the following spells:

 Your Spells              Type           Power      Damage    Failure   Level
a - Frozen Ramparts       Ice            68%        1d11      4%          3

Your spell library contained the following spells:

 Spells                   Type           Power      Damage    Failure   Level
 Freeze                   Ice            100%       1d10      1%          1
 Hailstorm                Conj/Ice       18%        3d6       26%         3
 Summon Ice Beast         Ice/Summ       18%        N/A       65%         4
 Tukima's Dance           Hex            2%         N/A       80%         3
 Passage of Golubria      Tloc           2%         N/A       99%         4
 Summon Forest            Summ/Tloc      1%         N/A       100%        5
 Yara's Violent Unravell  Hex/Tmut       1%         3d3       100%        5
 Eringya's Noxious Bog    Tmut/Pois      1%         4d6       100%        6
 Simulacrum               Ice/Necr       9%         N/A       100%        6
 Summon Hydra             Summ           1%         N/A       100%        7


Dungeon Overview and Level Annotations

Branches:
Dungeon (8/15) Zot: 25804  Temple (1/1) D:6 Zot: 5998
   Lair: D:8-11

Altars:
Ashenzari
Cheibriados
Dithmenos
Elyvilon
Fedhas
Gozag
Hepliaklqana
Kikubaaqudgha
Makhleb
Nemelex Xobeh
Okawaru
Qazlal
Ru
Sif Muna
Trog
Uskayaw
Vehumet
Wu Jian
Xom
Yredelemnul
Zin
The Shining One

Shops:
D:3 =   D:4 !   D:5 ?*(

Annotations:
D:8 1 runed translucent door


Innate Abilities, Weirdness & Mutations

You are somewhat unskilled. (-1 Apt)
You are somewhat inexperienced. (-1 XL)


Message History

The deep elf pyromancer is heavily wounded.
You hear a shout!
The fire elemental is frozen!
The wall freezes the fire elemental!
The fire elemental is frozen!
The wall freezes the fire elemental.
The fire elemental barely misses you.
The fire elemental is frozen!
The wall freezes the fire elemental.
You block the fire elemental's attack.
The wall freezes the deep elf pyromancer!
You block the deep elf pyromancer's attack.
The wall freezes the fire elemental but does no damage.
You barely miss the deep elf pyromancer.
The deep elf pyromancer is severely wounded.
The fire elemental is frozen!
The wall freezes the fire elemental.
The fire elemental misses you.
The fire elemental is frozen!
The wall freezes the fire elemental!
The fire elemental barely misses you.
The wall freezes the fire elemental but does no damage.
The wall freezes something!
The wall freezes the deep elf pyromancer!
The deep elf pyromancer points at you and mumbles some strange words.
The bolt of fire misses you.
The fire elemental is frozen!
The wall freezes the fire elemental!
The fire elemental hits you. The fire elemental burns you! You resist.
You hit the deep elf pyromancer.
The deep elf pyromancer is almost dead.
The fire elemental is frozen!
The wall freezes the fire elemental.
You block the fire elemental's attack.
The fire elemental is frozen!
The wall freezes the fire elemental.
The fire elemental is frozen!
The wall freezes the fire elemental.
The fire elemental barely misses you.
The wall freezes the deep elf pyromancer.
You kill the deep elf pyromancer!
The fire elemental disappears in a puff of smoke! x3
Training target 5.0 for Evocations reached!
Your Evocations skill increases to level 5!
You need to enable at least one skill for training.
The wall freezes something but does no damage.
You hear some strange, mumbled words.
Something tries to affect you, but you resist.
The wall freezes something!
Reactivating autopickup.
You feel a bit more experienced.
The frozen ramparts melt away as you move.
You now have 233 gold pieces (gained 17).
You see here a +0 morningstar.
You are no longer corroded.
Things that are here:
a +0 dagger; a +0 robe; an orc corpse You start resting.
Magic restored.
A troll comes into view.
The troll shouts!
You see here a +0 shortbow.
Casting: Frozen Ramparts (dangerous; 4% risk of failure)
Confirm with . or Enter, or press ? or * to list all spells.
The walls around you are covered in ice.
The wall freezes the troll.
You slash the troll!
The troll is moderately wounded.
The wall freezes the troll.
The troll bites you! The troll claws you. The troll barely misses you.
A kobold brigand comes into view.
It is wielding a +0 short sword and quivering curare-tipped darts.
You closely miss the troll.
The troll is heavily wounded.
The kobold brigand shouts!
The wall freezes the troll.
The troll barely misses you. The troll claws you but does no damage.
The troll claws you!
Unknown command.
You barely miss the troll.
The troll is heavily wounded.
The wall freezes the troll.
The troll barely misses you. The troll claws you!
The troll claws you but does no damage.
The wall freezes the troll.
The troll misses you. The troll closely misses you. x2
Unknown command.
You barely miss the troll.
The troll is severely wounded.
The wall freezes the troll but does no damage.
You block the troll's attack. The troll claws you!
* * * LOW HITPOINT WARNING * * *
The troll claws you!
* * * LOW HITPOINT WARNING * * *
Unknown command.
Okay, then.
Aiming: Corrosive Bolt
Press: ? - help, Shift-Dir - straight line, f - kobold brigand
Aim: a kobold brigand, wielding a +0 short sword and quivering curare-tipped darts (67% to hit)
The bolt of acid hits the troll!!
You kill the troll!
The bolt of acid misses the kobold brigand.
The killer bee buzzes angrily.
Unknown command.
Unknown command.
You feel better.
The kobold brigand throws a curare-tipped dart.
The curare-tipped dart hits you.
You are lethally poisoned!
You have difficulty breathing.
* * * LOW HITPOINT WARNING * * *
You feel yourself slow down.
The wall freezes the orc!
You kill the orc!
It was a potion of attraction.
You feel attractive to monsters.
You die...

# , ###.#+#. ##########....#
#######..... ....##$.=#....8#
#.....#..... ....##|.$'......
#....)#..... ....######......
#........... ######...##8..y.
####........ #####.....##..K)
#### #.'........
...#.......###.†#...###.#........
##.#.........###@....##.#....#...
##.#.......#.)#.......#.####.#...
##.##......##†.)......#......#...
.#.###......###.......#...#.....[
.#.#######.))###.....##...#......
.#.......##...###...###...#......
#####....###.'#########...#......
#_#_#....# ###..........##.......
#.#.8....# ##.........##......#


You could see a kobold brigand and a killer bee.

Vanquished Creatures
  A centaur warrior (D:8)
  A deep elf pyromancer (D:8)
  2 ugly things
  A manticore (D:8)
  Joseph (D:7)
  A troll (D:8)
  A shadow (D:8)
  A wyvern (D:7)
  A steam dragon (D:8)
  Menkaure (D:4)
  A water moccasin (D:8)
  Duvessa (D:6)
  2 black bears
  A sky beast (D:8)
  An ogre (D:5)
  3 phantoms (D:5)
  A kobold brigand (D:8)
  4 bullfrogs (D:8)
  5 scorpions
  Dowan (D:6)
  9 howler monkeys
  2 jellies
  4 hounds
  2 gnoll boudas (D:7)
  2 orc priests
  4 sleepcaps
  3 iguanas
  8 orc wizards
  12 gnolls
  11 adders
  A shadow imp (D:7)
  3 white imps (D:6)
  An ufetubus (D:3)
  2 worms
  4 dart slugs
  18 orcs
  9 ball pythons
  7 endoplasms
  2 giant cockroaches
  8 goblins
  4 jackals
  3 quokkas
  6 bats
  8 frilled lizards
  7 kobolds
  4 rats
175 creatures vanquished.

Vanquished Creatures (others)
  A hound (D:5)
  An orc (D:5)
2 creatures vanquished.

Grand Total: 177 creatures vanquished

Notes
Turn   | Place    | Note
-------+----------+-------------------------------------------
     0 | D:1      | Flugkiller the Deep Elf Fighter began the quest for the
                  | Orb.
     0 | D:1      | Reached XP level 1. HP: 13/13 MP: 3/3
    98 | D:1      | Reached XP level 2. HP: 17/18 MP: 4/4
   460 | D:1      | Reached XP level 3. HP: 22/22 MP: 5/5
  1038 | D:2      | Reached XP level 4. HP: 18/27 MP: 6/6
  1346 | D:2      | Found a sacrificial altar of Ru.
  1520 | D:2      | Became a worshipper of Ru the Awakened
  1702 | D:2      | Reached skill level 1 in Dodging
  1781 | D:3      | Found Enocyqyj's Jewellery Shoppe.
  2479 | D:3      | Found a faded altar of an unknown god.
  2627 | D:3      | Reached XP level 5. HP: 30/32 MP: 7/7
  2950 | D:4      | Noticed Menkaure
  2961 | D:4      | Killed Menkaure
  2962 | D:4      | Reached XP level 6. HP: 16/37 MP: 8/8
  3187 | D:4      | Learned a level 3 spell: Frozen Ramparts
  3220 | D:4      | Found Zeuqemij's Distillery.
  3230 | D:4      | Bought a potion of heal wounds for 55 gold pieces
  3255 | D:4      | Reached skill level 1 in Spellcasting
  3399 | D:4      | Gained mutation: You are somewhat unskilled. (-1 Apt) [Ru
                  | sacrifice]
  3399 | D:4      | Reduced skill Spellcasting to level 1
  3399 | D:4      | Reached * piety under Ru
  3524 | D:4      | Found a bloodstained altar of Trog.
  3671 | D:4      | Found a glowing golden altar of the Shining One.
  3671 | D:4      | Found a glowing silver altar of Zin.
  3671 | D:4      | Found a white marble altar of Elyvilon.
  3694 | D:5      | Entered Level 5 of the Dungeon
  3750 | D:5      | Reached XP level 7. HP: 35/41 MP: 11/11
  4040 | D:5      | Found Vinine's Assorted Antiques.
  4041 | D:5      | Found Isyent's Weapon Emporium.
  4175 | D:5      | Reached skill level 5 in Ice Magic
  4274 | D:5      | Bought a metallic inky potion for 17 gold pieces
  4274 | D:5      | Bought a bubbling cyan potion for 17 gold pieces
  4274 | D:5      | Bought a green potion for 17 gold pieces
  4274 | D:5      | Bought a scroll labelled QAH FISCHEHASA for 19 gold pieces
  4274 | D:5      | Bought a forked bronze wand for 76 gold pieces
  4305 | D:5      | Bought 6 curare-tipped darts for 79 gold pieces
  4359 | D:5      | Reached XP level 8. HP: 25/48 MP: 13/13
  4368 | D:5      | Reached skill level 1 in Evocations
  4750 | D:5      | Found Ruah's Magic Scroll Emporium.
  4779 | D:5      | Found an ornate altar of the Wu Jian Council.
  5004 | D:6      | Reached skill level 5 in Dodging
  5190 | D:6      | Noticed Duvessa
  5202 | D:6      | Noticed Dowan
  5211 | D:6      | Killed Duvessa
  5222 | D:6      | Killed Dowan
  5327 | D:6      | Found a staircase to the Ecumenical Temple.
  5848 | D:6      | Gained mutation: You are somewhat inexperienced. (-1 XL)
                  | [Ru sacrifice]
  5848 | D:6      | Reached XP level 7. HP: 43/43 MP: 12/12
  5848 | D:6      | Reached ** piety under Ru
  6077 | D:7      | Reached skill level 5 in Long Blades
  6103 | D:7      | Reached XP level 8. HP: 32/48 MP: 3/13
  6198 | Temple   | Entered the Ecumenical Temple
  6323 | D:7      | Noticed a purple ugly thing
  6331 | D:7      | Killed a purple ugly thing
  6332 | D:7      | Reached skill level 5 in Fighting
  6614 | D:7      | Noticed Joseph
  6642 | D:7      | Killed Joseph
  7062 | D:8      | Found a runed translucent door.
  7381 | D:8      | Found a blossoming altar of Fedhas.
  7383 | D:8      | Found a basalt altar of Yredelemnul.
  7429 | D:8      | Found a runed translucent door.
  7652 | D:8      | Reached XP level 9. HP: 42/55 MP: 9/14
  7706 | D:8      | Noticed a purple ugly thing
  7706 | D:8      | Noticed a centaur warrior
  7706 | D:8      | Noticed a manticore
  7714 | D:8      | Killed a manticore
  7723 | D:8      | Killed a centaur warrior
  7994 | D:8      | Killed a purple ugly thing
  8129 | D:8      | Noticed a deep elf pyromancer
  8139 | D:8      | Killed a deep elf pyromancer
  8140 | D:8      | Reached skill level 5 in Evocations
  8159 | D:8      | HP: 1/55 [troll (11)]
  8162 | D:8      | Succumbed to a kobold brigand's curare-tipped dart

Illustrated notes

Levels and vault maps discovered:
D:1:      dpeg_arrival_castle, layout_rooms, minmay_misc_feat_more_columns
D:2:      layout_basic, basic_altar
D:3:      minmay_skewed_foursquare, layout_loops_corners,
          nicolae_ecumenical_lake_church, serial_shops, shop_statue
D:4:      layout_basic, dreamdust_divine_triumvirate, amcnicky_altar_gilded,
          serial_shops, nicolae_shop_industrial_runoff, uniq_menkaure
D:5:      layout_rooms, nzn_wu_jian_contemplation, serial_shops,
          nicolae_lakefront_shop, shop, shop
D:6:      layout_gridville, minmay_temple_entry_ruins, uniq_duvessa
D:7:      layout_rooms, minivault_26, minmay_diced_spiral, uniq_joseph
D:8:      cheibrodos_histonic, layout_basic, minitemple
Temple:   hellmonk_temple_two_chambers

Skill      XL: |  1  2  3  4  5  6  7  8  9 |
---------------+----------------------------+-----
Long Blades    | 2 3 4 3 5 6 |  6.4
Dodging        | 2 3 3 4 6 8 |  8.0
Fighting       | 3 3 4 6 |  6.0
Spellcasting   | 1 2 |  2.0
Ice Magic      | 2 5 7 8 |  8.0
Evocations     | 3 5 |  5.0
Armour         | |  2.1
Shields        | |  2.1

Action                     |  1- 3 |  4- 6 |  7- 9 || total
---------------------------+-------+-------+-------++-------
  Melee: Long sword        |    33 |    58 |   217 ||   308
         Dagger            |    70 |    98 |    67 ||   235
  Throw: Dart              |       |       |     6 ||     6
   Cast: Frozen Ramparts   |       |       |    44 ||    44
 Invoke: Sacrifice Skill   |       |     1 |       ||     1
         Sacrifice Experie |       |       |     1 ||     1
  Evoke: Wand              |       |       |    12 ||    12
    Use: Scroll            |     1 |     3 |     8 ||    12
         Potion            |       |     3 |     9 ||    12
 Armour: Scale mail        |    57 |   100 |    35 ||   192
         Ring mail         |     1 |       |   173 ||   174
  Dodge: Dodged            |    33 |    72 |   149 ||   254
  Block: Buckler           |    20 |    32 |    62 ||   114

Table legend: (Time is in decaauts)
 A = Elapsed time spent in this place.
 B = Non-inter-level travel time spent in this place.
 C = Inter-level travel time spent in this place.
 D = Time resting spent in this place.
 E = Time spent auto-exploring this place.
 F = Levels seen in this place.
 G = Mean time per level.
                   A        B        C        D        E       F      G
               +--------+--------+--------+--------+--------+-----+--------+
         Total |   8214 |   7663 |    551 |   1365 |   4487 |   9 |  912.7 |
       Dungeon |   8212 |   7661 |    551 |   1365 |   4487 |   8 | 1026.5 |
        Temple |      1 |      1 |      0 |      0 |      0 |   1 |    1.0 |
               +--------+--------+--------+--------+--------+-----+--------+

Top non-repeatable levels by time:
     D:6: 1361 daAuts
     D:3: 1152 daAuts
     D:8: 1113 daAuts
     D:4: 1060 daAuts
     D:2: 940 daAuts
     D:5: 921 daAuts
     D:1: 854 daAuts
     D:7: 807 daAuts
  Temple: 1 daAuts
